groovejumper, neutral female human Wizard ------- |.....| |.....| #.<....| ###--.---- # ######## ### # % ### # # # ---------|- # |.........| # |[)[)[[[.[| ---.--# |.[[.[[[[[| |....|# |.[[[[[[[[| |.>..|# |.[[[.[[.[| |..h@-# ----------- ------ groovejumper the Conjurer Experience level: 5 Strength: 12 Dexterity: 16 Constitution: 12 Intelligence: 18 Wisdom: 9 Charisma: 8 Health: 0(36) Energy: 27(42) AC: 7 Gold: 104 Moves: 1220 Your Inventory: Coins $ - 104 gold pieces Weapons a - a blessed +1 quarterstaff (weapon in hands) Armor b - an uncursed +0 cloak of magic resistance (being worn) I - an [uncursed] +0 leather armor (being worn) K - a cursed -2 pair of snow boots [fumble] (being worn) L - an [uncursed] +0 pair of speed boots M - an [uncursed] +0 helm of brilliance (being worn) Scrolls k - an uncursed scroll of confuse monster y - a blessed scroll of gold detection z - an uncursed scroll of fire F - a cursed scroll of light Spellbooks l - a blessed spellbook of force bolt m - an uncursed spellbook of create monster s - an [uncursed] spellbook of fireball C - an [uncursed] spellbook of detect monsters Potions f - an uncursed potion of restore ability g - an uncursed clear potion [of water] h - an uncursed clear potion [of water] r - an [uncursed] pink potion [of hallucination] B - a [cursed] bubbly potion [of booze] Rings d - an uncursed ring of poison resistance e - an uncursed +1 ring of gain wisdom q - an uncursed ring of polymorph control Wands c - an uncursed wand of probing (0:5) t - an uncursed wand of nothing (0:6) u - an uncursed wand of cold (0:7) D - an uncursed wand of undead turning (0:6) O - an [uncursed] copper wand [of digging (0:6)] Tools n - an uncursed blindfold o - an [uncursed] tin whistle Spells known in the end: Name Level Category Fail Memory a - force bolt 1 attack 0% [||||||||] b - create monster 2 clerical 53% [||||||||] c - fireball 4 attack 70% [||||||||] d - detect monsters 1 divination 0% [||||||||] Your skills at the end: Fighting Skills Weapon Skills quarterstaff [Basic / Expert] Spellcasting Skills attack spells [Basic / Expert] enchantment spells [Basic / Skilled] Final Attributes: You were devoutly aligned. Hunger level was 829. Your alignment was 15 / 16. Monster difficulty range was 0 - 4. Level difficulty was 3. You were magic-protected. You fumbled. You were lucky (1). You are dead. Vanquished creatures: a giant bat 2 Kop Sergeants a manes 6 Keystone Kops 4 geckos 3 jackals a fox a goblin 4 sewer rats 2 grid bugs 2 lichens a kobold zombie 3 newts 31 creatures vanquished. Voluntary challenges: You used a wielded weapon 23 times. You read items or engraved 6 times. You put on armor 8 times. You never genocided any monsters. You never polymorphed an object. You never changed form. You used no wishes. You never wrote Elbereth's name. You never encountered a bones level. You never used any Sokoban shortcuts. Dungeon overview: The Dungeons of Doom: levels 1 to 3 Level 1 a fountain a long staircase Level 2 a general store Level 3 <- You were here an armor shop History has recorded: On T:1 you entered the Dungeons of Doom to retrieve the Amulet of Yendor! On T:303 you advanced to experience level 2. On T:532 you reached level 2 of The Dungeons of Doom. On T:612 you advanced to experience level 3. On T:974 you advanced to experience level 4. On T:1022 you reached level 3 of The Dungeons of Doom. On T:1203 you advanced to experience level 5. Latest messages: [2 turns] The spell hits the giant bat. You kill the giant bat! Welcome to experience level 5. [HP+5=20] You see here a giant bat corpse. [HP+1=21] The hobbit wields a sling! The hobbit swings her sling. The hobbit hits! The hobbit swings her sling. The hobbit hits! You slip and nearly fall. You make a lot of noise! [HP-14=7] [3 turns] You miss the hobbit. The hobbit swings her sling. The hobbit hits! You die... Final status: Goodbye groovejumper the Wizard... You died in The Dungeons of Doom on dungeon level 3 with 728 points, and 104 pieces of gold, after 1220 moves. You were level 5 with a maximum of 36 hit points when you died.